 Dungeon Crawl Stone Soup version 0.29-a0-1027-gcd8c55af63 (webtiles) character file.

Game seed: 13000465158636847438

184 ytrimaz the Insei (level 5, -1/33 HPs)
             Began as an Octopode Transmuter on Aug 12, 2022.
             Slain by a hound (5 damage)
             ... on level 5 of the Dungeon.
             The game lasted 00:03:09 (4834 turns).

ytrimaz the Insei (Octopode Transmuter)             Turns: 4834, Time: 00:03:10

Health: -1/33      AC:  1    Str: 10    XL:     5   Next: 64%
Magic:  7/8        EV: 13    Int: 17    God:
Gold:   97         SH:  0    Dex: 12    Spells: 2/8 levels left

rFire   + . .      SeeInvis .     - Unarmed
rCold   . . .      Faith    .   (no shield)
rNeg    . . .      Spirit   .   (helmet currently unavailable)
rPois   .          Reflect  .   (no amulet)
rElec   .          Harm     .   c - ring of resist corrosion
rCorr   +          Rampage  .   f - ring of protection from fire
Will    .....                   (no ring)
Stlth   ++........              (no ring)
HPRegen 0.11/turn               (no ring)
MPRegen 0.11/turn               (no ring)
                                (no ring)
                                (no ring)

@: appendages (expiring)
A: tentacle spike 3, almost no armour, amphibious, 8 rings, camouflage 1,
gelatinous body 1, (nimble swimmer 1), tentacles
a: End Transformation


You were on level 5 of the Dungeon.
One of your tentacles had grown a beastly spike.
You visited 1 branch of the dungeon, and saw 6 of its levels.

You collected 97 gold pieces.

Inventory:

Jewellery
 c - a ring of resist corrosion (left tentacle)
 f - a ring of protection from fire (right tentacle)
Wands
 i - a wand of paralysis (6)
 n - a wand of polymorph (2)
Scrolls
 g - a scroll of teleportation
 k - a scroll of enchant weapon
Potions
 a - a potion of lignification
 b - a potion of cancellation
 d - 3 potions of brilliance
 e - a potion of might {unknown}
 h - 2 potions of magic {unknown}
 j - 4 potions of curing
 l - 2 potions of attraction {unknown}


   Skills:
 - Level 1.0 Fighting
 - Level 2.0 Dodging
 + Level 5.9 Unarmed Combat
 - Level 2.0 Spellcasting
 - Level 2.0 Transmutations
 * Level 1.4 Poison Magic


You had 2 spell levels left.
You knew the following spells:

 Your Spells              Type           Power      Damage    Failure   Level
a - Beastly Appendage     Tmut           16%        N/A       9%          1
b - Wereblood             Tmut           8%         N/A       13%         2
c - Spider Form           Tmut/Pois      7%         N/A       28%         3

Your spell library contained the following spells:

 Spells                   Type           Power      Damage    Failure   Level
 Magic Dart               Conj           4%         1d3       19%         1
 Call Imp                 Summ           1%         N/A       28%         2
 Ignite Poison            Fire/Tmut/Pois 5%         N/A       36%         3
 Mephitic Cloud           Conj/Pois/Air  3%         N/A       43%         3
 Gell's Gravitas          Tloc           1%         N/A       50%         3
 Teleport Other           Tloc           1%         N/A       50%         3
 Ice Form                 Ice/Tmut       5%         N/A       77%         4
 Iskenderun's Mystic Bla  Conj/Tloc      1%         2d3       88%         4
 Freezing Cloud           Conj/Ice/Air   0%         6-21      99%         5
 Dispersal                Tloc           0%         N/A       100%        6
 Simulacrum               Ice/Necr       0%         N/A       100%        6
 Malign Gateway           Summ/Tloc      0%         N/A       100%        7
 Polar Vortex             Ice            0%         N/A       100%        9


Dungeon Overview and Level Annotations

Branches:
Dungeon (6/15)
 Temple: D:4-7

Altars:
Cheibriados
Makhleb

Annotations:
D:4 2 runed translucent doors, ytrimaz's ghost, amateur FoFi


Innate Abilities, Weirdness & Mutations

One of your tentacles has grown a beastly spike.
You cannot wear most types of armour.
You are amphibious.
You can wear up to eight rings at the same time.
Your skin changes colour to match your surroundings (Stealth+).
Your rubbery body absorbs attacks. (AC +1, EV +1)
((You are camouflaged when in or above water. (Stealth+)))
You have tentacles for arms and can constrict up to eight enemies at once.


Message History

Found a viscous orange potion.
The hound barks!
You hear a shout!
A hound comes into view.
There is a stone staircase leading up here.
You can't go down here!
You climb upwards.
There is a stone staircase leading down here.
You open the door.
An iguana and a hound come into view.
Found a scroll of identify.
There are monsters nearby!
There is an open door here.
One of your tentacles grows a vicious spike.
You tentacle-slap the iguana but do no damage.
You grab the iguana.
You pierce the iguana.
The iguana is lightly wounded.
You constrict the iguana. The iguana bites you!
You bludgeon the iguana!
The iguana is heavily wounded.
You constrict the iguana. The hound bites you. The iguana bites you!
You tentacle-slap the iguana but do no damage.
The iguana is severely wounded.
You constrict the iguana, but do no damage.
The hound bites you.
* * * LOW HITPOINT WARNING * * *
The iguana bites you.
* * * LOW HITPOINT WARNING * * *
The hound closely misses you.
You tentacle-slap the iguana.
The iguana is almost dead.
You constrict the iguana, but do no damage.
The hound barely misses you. The iguana closely misses you.
Unknown command.
You are too injured to fight recklessly!
You tentacle-slap the iguana but do no damage.
You squeeze the iguana, but do no damage.
The iguana is almost dead.
Your transformation is almost over.
You constrict the iguana. The hound bites you.
You die...

#.##+#...###
#..........###
#...#.........
#...#.........
#...#...#....
#...#.......
#..h#...######
#..l@.>.......
#...##########
...?...
.......
.......
.......
#######


You could see an iguana and a hound.

Vanquished Creatures
  A jelly (D:6)
  Jessica (D:3)
  5 adders
  2 worms (D:3)
  2 dart slugs (D:1)
  6 endoplasms
  3 giant cockroaches
  6 goblins
  5 hobgoblins
  7 jackals
  5 quokkas
  5 ball pythons
  4 bats
  5 frilled lizards
  8 kobolds
  11 rats
76 creatures vanquished.

Notes
Turn   | Place    | Note
-------+----------+-------------------------------------------
     0 | D:1      | ytrimaz the Octopode Transmuter began the quest for the
                  | Orb.
     0 | D:1      | Reached XP level 1. HP: 13/13 MP: 3/3
   209 | D:1      | Reached XP level 2. HP: 1/18 MP: 5/5
   940 | D:1      | Reached skill level 4 in Unarmed Combat
   989 | D:1      | Reached XP level 3. HP: 21/23 MP: 6/6
  1317 | D:1      | Got the Codex of Calefaction and Direction
  2519 | D:2      | Reached XP level 4. HP: 13/28 MP: 5/7
  2846 | D:2      | Reached skill level 5 in Unarmed Combat
  3621 | D:2      | Learned a level 2 spell: Wereblood
  3625 | D:2      | Learned a level 3 spell: Spider Form
  3648 | D:3      | Noticed Jessica
  3658 | D:3      | Killed Jessica
  3898 | D:3      | Reached XP level 5. HP: 33/33 MP: 8/8
  4345 | D:3      | Found a faded altar of an unknown god.
  4390 | D:3      | Found a snail-covered altar of Cheibriados.
  4452 | D:4      | Reached skill level 1 in Poison Magic
  4603 | D:4      | Found a large runed translucent door.
  4604 | D:4      | Found a large runed translucent door.
  4606 | D:4      | Noticed ytrimaz's ghost (amateur FoFi)
  4607 | D:4      | You fall into a shaft and drop 2 floors!
  4612 | D:5      | Entered Level 5 of the Dungeon
  4800 | D:6      | Found a burning altar of Makhleb.
  4834 | D:5      | Slain by a hound

Illustrated notes

Levels and vault maps discovered:
D:1:      lemuel_arrival_lava_pool, layout_basic
D:2:      minmay_razor_zed, layout_loops_corners, nicolae_hexahallways
D:3:      layout_rooms, slow_altar_2, basic_ecumenical_altar, uniq_jessica
D:4:      layout_loops_ring, doesnt_xom_only_xom, ebering_ghost_disaster_area
D:5:      layout_basic, ebering_ghost_sewer_f
D:6:      layout_basic, kennysheep_little_box, mainiacjoe_overflow_catwalk

Skill      XL: |  1  2  3  4  5 |
---------------+----------------+-----
Unarmed Combat | 4 5 |  5.9
Poison Magic   | 1 |  1.4
Fighting       | |  1.0
Dodging        | |  2.0
Spellcasting   | |  2.0
Transmutations | |  2.0

Action                   |  1- 3 |  4- 6 || total
-------------------------+-------+-------++-------
Melee: Unarmed           |    88 |    84 ||   172
       Constrict         |    21 |    21 ||    42
       Tentacles         |    11 |    16 ||    27
       Punch             |     4 |     3 ||     7
       Kick              |     3 |     3 ||     6
 Cast: Beastly Appendage |     4 |     4 ||     8
  Use: Scroll            |     5 |     5 ||    10
 Stab: Sleeping          |    14 |     5 ||    19
Armor: Skin              |     6 |     4 ||    10
Dodge: Dodged            |    42 |    67 ||   109

Table legend: (Time is in decaauts)
 A = Elapsed time spent in this place.
 B = Non-inter-level travel time spent in this place.
 C = Inter-level travel time spent in this place.
 D = Time resting spent in this place.
 E = Time spent auto-exploring this place.
 F = Levels seen in this place.
 G = Mean time per level.
                   A        B        C        D        E       F      G
               +--------+--------+--------+--------+--------+-----+--------+
         Total |   4824 |   4793 |     31 |    698 |   3543 |   6 |  804.0 |
       Dungeon |   4824 |   4793 |     31 |    698 |   3543 |   6 |  804.0 |
               +--------+--------+--------+--------+--------+-----+--------+

Top non-repeatable levels by time:
     D:2: 2048 daAuts
     D:1: 1577 daAuts
     D:3: 813 daAuts
     D:6: 213 daAuts
     D:4: 158 daAuts
     D:5: 12 daAuts
